 Dungeon Crawl Stone Soup version 0.31-a0-193-gdfe2569204 (webtiles) character file.

Game seed: 1515503559295824509

235 qw the Skirmisher (level 5, 0/30 HPs)
             Began as a Deep Elf Hunter on June 24, 2023.
             Slain by a cerulean imp
             ... wielding a +1 spear
             ... summoned by Natasha
              (6 damage)
             ... on level 4 of the Dungeon.
             The game lasted 00:01:08 (3062 turns).

qw the Skirmisher (Deep Elf Hunter)                 Turns: 3062, Time: 00:01:09

Health: 0/30       AC:  8    Str: 10    XL:     5   Next: 76%
Magic:  7/7        EV: 11    Int: 14    God:
Gold:   139        SH:  5    Dex: 18    Spells: 4/4 levels left

rFire   . . .        Y - +1 shortbow
rCold   + . .        (shield currently unavailable)
rNeg    . . .        p - +2 ring mail {Will+}
rPois   .            (no helmet)
rElec   .            (no cloak)
rCorr   .            (no gloves)
SInv    .            g - +0 pair of boots
Will    +....        h - amulet of reflection
Stlth   +            d - ring of protection from cold
HPRegen 0.25/turn    (no ring)
MPRegen 0.10/turn

%: reflection
@: lethally poisoned (0 -> -2)
A: no striking features
a: no special abilities


You were on level 4 of the Dungeon.
You visited 1 branch of the dungeon, and saw 4 of its levels.

You collected 139 gold pieces.


   Skills:
 - Level 2.1 Fighting
 + Level 9.1 Ranged Weapons
 - Level 2.4 Dodging
 - Level 1.2 Stealth


You had 4 spell levels left.
You didn't know any spells.
Your spell library was empty.

Inventory:

Hand Weapons
 Y - a +1 shortbow (weapon)
Armour
 g - a +0 pair of boots (worn)
 n - the +1 ring mail of the Game Afoot {rF+ Stlth+}
   (You found it on level 3 of the Dungeon)

   rF:        It protects you from fire.
   Stlth:     It makes you more stealthy.
 p - a +2 ring mail of willpower (worn)
Jewellery
 d - a ring of protection from cold (left hand)
 h - an amulet of reflection (around neck)
Scrolls
 a - 2 scrolls of teleportation
 j - 2 scrolls of identify
Potions
 c - a potion of cancellation {unknown}
 e - a potion of enlightenment
 i - a potion of haste {unknown}
 k - a potion of invisibility {unknown}
 l - a potion of might {unknown}
 m - a potion of heal wounds {unknown}
 u - a potion of magic {unknown}

Dungeon Overview and Level Annotations

Branches:
Dungeon (4/15)
 Temple: D:4-7

Altars:
Gozag
Sif Muna

Annotations:
D:4 Natasha


Message History

The adder bites you.
Natasha mumbles some strange words.
Natasha shimmers violently.
You shoot an arrow. The arrow hits the adder.
The adder is moderately wounded.
The adder bites you.
You are poisoned.
The adder poisons you! You block the cerulean imp's attack.
You block the adder's attack.
You shoot an arrow. The arrow barely misses the adder.
The arrow closely misses the kobold.
You feel sick. The cerulean imp barely misses you. The adder bites you.
You shoot an arrow. The arrow hits the adder.
The adder is severely wounded.
You feel sick. You block the adder's attack.
The cerulean imp hits you from afar with a +1 spear.
The adder bites you.
You are more poisoned.
The adder poisons you!
You shoot an arrow. The arrow barely misses the adder.
The arrow barely misses the kobold.
You feel sick. The cerulean imp closely misses you.
You block the adder's attack. The cerulean imp barely misses you.
You shoot an arrow. The arrow barely misses the adder.
The arrow hits the kobold!
You kill the kobold!
You feel sick. The adder bites you but does no damage.
The cerulean imp hits you but does no damage.
You shoot an arrow. The arrow hits the adder!
You kill the adder!
You feel sick. The cerulean imp barely misses you.
The cerulean imp hits you from afar with a +1 spear.
You shoot an arrow.
The arrow hits Natasha but does no damage.
You feel sick.
Natasha zaps a wand.
The puff of flame hits you.
The cerulean imp hits you but does no damage. x2
You shoot an arrow. The arrow closely misses Natasha.
You feel sick.
Natasha zaps a wand.
The puff of flame hits you.
The cerulean imp hits you from afar with a +1 spear.
You die...

#..#. #....#. #
......# #. .......
#.###......#
#.$#.......h
#..5)5....h. #h#
#@# #.# #.# #####
#.# #...# #.#
#.#.# #.#
####.#.## #.#
#....#... #.#
#.#######
#.########....#...


You could see Natasha and 2 cerulean imps.

Vanquished Creatures
  Ijyb (D:3)
  An iguana (D:4)
  Natasha (D:4)
  9 adders
  2 worms
  2 dart slugs
  2 orcs
  4 ball pythons
  8 endoplasms
  3 giant cockroaches
  4 goblins
  6 hobgoblins
  8 jackals
  A quokka (D:3)
  3 bats
  2 frilled lizards (D:1)
  3 kobolds
  9 rats
69 creatures vanquished.

Notes
Turn   | Place    | Note
-------+----------+-------------------------------------------
     0 | D:1      | qw the Deep Elf Hunter began the quest for the Orb.
     0 | D:1      | Reached XP level 1. HP: 12/12 MP: 3/3
     0 | D:1      | 0 ||| qw: Version: 0.3-a-9-g12657ce
     0 | D:1      | 0 ||| qw: Game counter: 4684
     0 | D:1      | 0 ||| qw: Always use a shield: true
     0 | D:1      | 0 ||| qw: God list: Okawaru
     0 | D:1      | 0 ||| qw: Allow faded altars: false
     0 | D:1      | 0 ||| qw: Do Orc after D:15 true
     0 | D:1      | 0 ||| qw: Do second Lair branch before Depths: true
     0 | D:1      | 0 ||| qw: Lair rune preference: random
     0 | D:1      | 0 ||| qw: Plans: Normal
     0 | D:1      | 0 ||| PLANNING D:1-11
   392 | D:1      | Reached skill level 6 in Ranged Weapons
   392 | D:1      | Reached XP level 2. HP: 16/16 MP: 4/4
   694 | D:1      | 694 ||| DROPPING amulet of magic regeneration.
   695 | D:1      | 695 ||| UPGRADING to ring of protection from cold.
   696 | D:1      | 696 ||| READING 2 scrolls labelled MOLEKK VIRO.
   700 | D:1      | 700 ||| READING scroll labelled FOPTEA JEOJUWNU.
   701 | D:1      | 701 ||| READING scroll labelled JIJEMU WEDGH.
   702 | D:1      | 702 ||| DRINKING 2 dark potions.
   703 | D:1      | 703 ||| DRINKING 2 red potions.
   704 | D:1      | 704 ||| DROPPING scroll of butterflies.
   731 | D:2      | 731 ||| STAIRDANCE
   755 | D:2      | Reached XP level 3. HP: 20/20 MP: 5/5
   841 | D:2      | Reached skill level 7 in Ranged Weapons
  1278 | D:2      | 1278 ||| UPGRADING to +0 ring mail.
  1288 | D:2      | 1288 ||| DROPPING +0 leather armour.
  1289 | D:2      | 1289 ||| UPGRADING to +0 pair of boots.
  1294 | D:2      | 1294 ||| UPGRADING to amulet of reflection.
  1299 | D:2      | 1299 ||| READING 2 scrolls labelled PAHU COVIMAAX.
  1386 | D:3      | Identified the +1 ring mail of the Game Afoot {rF+ Stlth+}
  1458 | D:3      | Found an opulent altar of Gozag.
  1468 | D:3      | Reached XP level 4. HP: 25/25 MP: 6/6
  1539 | D:3      | Found a shimmering blue altar of Sif Muna.
  1576 | D:3      | Noticed Ijyb
  1578 | D:3      | 1578 ||| DRINKING 4 potions of curing.
  1578 | D:3      | 1578 ||| (to cure confusion)
  1588 | D:3      | 1588 ||| DRINKING 3 potions of curing.
  1588 | D:3      | 1588 ||| (to cure confusion)
  1605 | D:3      | 1605 ||| DRINKING 2 potions of curing.
  1605 | D:3      | 1605 ||| (to cure confusion)
  1618 | D:3      | Killed Ijyb
  1619 | D:3      | Reached skill level 8 in Ranged Weapons
  1766 | D:3      | HP: 6/25 [poisoned by an adder]
  2292 | D:3      | 2292 ||| UPGRADING to +1 ring mail of the Game Afoot {rF+
                  | Stlth+}.
  2302 | D:3      | 2302 ||| DROPPING +0 ring mail.
  2303 | D:3      | 2303 ||| UPGRADING to +2 ring mail of willpower.
  2313 | D:3      | 2313 ||| READING scroll labelled ZUMEUR ETZOGU.
  2314 | D:3      | 2314 ||| READING scroll labelled XUCHEY MAFIXA.
  2315 | D:3      | 2315 ||| READING scroll labelled MAFEAXY DUKALOSI.
  2316 | D:3      | 2316 ||| READING scroll labelled GARAIJ XATWOSM.
  2417 | D:3      | 2417 ||| DRINKING 2 bubbling sapphire potions.
  2418 | D:3      | 2418 ||| DRINKING potion of curing.
  2418 | D:3      | 2418 ||| (to cure confusion)
  2419 | D:3      | 2419 ||| DROPPING potion of ambrosia.
  2558 | D:4      | Noticed Natasha
  2560 | D:4      | 2560 ||| FLEEEEING.
  2561 | D:4      | 2561 ||| FLEEEEING.
  2562 | D:4      | 2562 ||| STAIRDANCE
  2582 | D:4      | Killed Natasha
  2583 | D:4      | Reached XP level 5. HP: 27/29 MP: 7/7
  2828 | D:4      | Reached skill level 9 in Ranged Weapons
  2843 | D:4      | Noticed Natasha
  2855 | D:4      | HP: 6/29 [Natasha (4)]
  2856 | D:4      | 2856 ||| READING 3 scrolls of teleportation.
  3039 | D:4      | 3039 ||| Stepping ~*~*~tactically~*~*~ (outnumbered).
  3062 | D:4      | HP: 6/30 [Natasha/puff of flame (2)]
  3062 | D:4      | Slain by a cerulean imp

Levels and vault maps discovered:
D:1:      scummos_arrival_forest, layout_basic, minmay_3d_cube
D:2:      layout_rooms, corner_web_ring, kennysheep_generic_room_13
D:3:      layout_basic, mainiacjoe_overflow_catch_the_wave,
          corexii_item_surrounded_by_moat, minmay_between, uniq_ijyb
D:4:      layout_loops_ring, nicolae_half_adder, uniq_natasha

Skill      XL: |  1  2  3  4  5 |
---------------+----------------+-----
Ranged Weapons | 6 7 8 9 |  9.1
Fighting       | 2 |  2.1
Dodging        | |  2.4
Stealth        | |  1.2

Action                     |  1- 3 |  4- 6 || total
---------------------------+-------+-------++-------
   Fire: Shortbow          |   124 |   144 ||   268
    Use: Scroll            |     4 |     5 ||     9
         Potion            |     2 |     5 ||     7
 Armour: Leather armour    |    13 |       ||    13
         Ring mail         |     2 |    29 ||    31
  Dodge: Dodged            |    23 |    34 ||    57
  Block: Other             |     3 |    17 ||    20

Table legend:
 A = Non-vault XP
 B = Vault XP
 C = Vault XP percentage of total XP
 D = Non-vault monster count
 E = Vault monster count
 F = Vault count percentage of total count
                 A         B        C        D         E       F
            +---------+---------+-------+---------+---------+-------
      Total |     202 |     134 |  39.9 |      56 |      13 |  18.8
            +---------+---------+-------+---------+---------+-------
        D:1 |      21 |       1 |   4.5 |      13 |       1 |   7.1
        D:2 |      62 |       1 |   1.6 |      19 |       1 |   5.0
        D:3 |      49 |      45 |  47.9 |      13 |       6 |  31.6
        D:4 |      70 |      87 |  55.4 |      11 |       5 |  31.2
            +---------+---------+-------+---------+---------+-------
